 Dungeon Crawl Stone Soup version 0.22-a0-414-gacd343e (webtiles) character file.

32529 Mgcat the Basher (level 13, 0/104 HPs)
             Began as a Gnoll Berserker on May 13, 2018.
             Was a High Priest of Trog.
             Slain by a spiny frog (15 damage)
             ... on level 5 of the Lair of Beasts.
             The game lasted 00:43:59 (17787 turns).

Mgcat the Basher (Gnoll Berserker)                 Turns: 17787, Time: 00:43:59

Health: 0/104      AC: 16    Str: 23    XL:     13   Next: 65%
Magic:  25/25      EV: 12    Int: 14    God:    Trog [*****.]
Gold:   903        SH:  6    Dex: 15    Spells: 28/28 levels left

rFire    + + .     SeeInvis .   f - +7 morningstar "Banisher" {crush, rF++ Int+3}
rCold    . . .     Gourm    +   t - +0 buckler
rNeg     . . .     Faith    .   h - +0 plate armour
rPois    .         Spirit   .   (no helmet)
rElec    .         Reflect  .   F - scarf {repulsion}
rCorr    +         Harm     .   (no gloves)
MR       +....                  o - +1 pair of boots
Stlth    ..........             n - amulet of the gourmand {Gourm, !d}
HPRegen  0.27/turn              d - ring of resist corrosion
MPRegen  0.19/turn              a - ring of protection from magic {MR+, !d}

@: lethally poisoned (0 -> -9), repel missiles
A: distributed training, fangs 1, strong nose
a: Berserk, Trog's Hand, Brothers in Arms, Renounce Religion


You were on level 5 of the Lair of Beasts.
You worshipped Trog.
Trog was extremely pleased with you.
You were very full.

You visited 2 branches of the dungeon, and saw 17 of its levels.

You collected 903 gold pieces.

Inventory:

Hand Weapons
 f - the +7 morningstar "Banisher" (weapon) {crush, rF++ Int+3}
   (Trog gifted it to you on level 3 of the Lair of Beasts)

   It inflicts extra damage upon your enemies.
   It affects your intelligence (+3).
   It greatly protects you from fire.
Missiles
 m - 4 throwing nets {=f, !d}
 x - 4 tomahawks (quivered)
Armour
 h - a +0 plate armour (worn)
   (You found it on level 1 of the Dungeon)
 o - a +1 pair of boots (worn)
   (You found it on level 2 of the Dungeon)
 t - a +0 buckler (worn)
   (You found it on level 4 of the Dungeon)
 F - a scarf of repulsion (worn)
   (You found it on level 10 of the Dungeon)
Jewellery
 a - a ring of protection from magic (right hand) {MR+, !d}
   (You found it on level 7 of the Dungeon)
 d - a ring of resist corrosion (left hand)
   (You found it on level 7 of the Dungeon)
 n - an amulet of the gourmand (around neck) {Gourm, !d}
   (You found it on level 4 of the Lair of Beasts)
Wands
 k - a wand of digging (11)
   (You found it on level 4 of the Lair of Beasts)
 p - a wand of clouds (5)
   (You found it on level 4 of the Lair of Beasts)
 z - a wand of disintegration (9)
   (You found it on level 10 of the Dungeon)
 D - a wand of flame (21)
   (You found it on level 10 of the Dungeon)
Scrolls
 e - 4 scrolls of magic mapping {!r}
 j - 8 scrolls of remove curse
 l - 3 scrolls of teleportation
 r - a scroll of fog {unknown}
 B - 3 scrolls of silence {unknown}
 C - 2 scrolls of enchant weapon
 G - a scroll of identify
Potions
 b - 2 potions of haste
 g - 4 potions of flight
 i - a potion of ambrosia
 q - a potion of degeneration {unknown}
 s - a potion of invisibility
 u - a potion of mutation {!q}
 v - a potion of magic
 w - a potion of cancellation
 A - a potion of agility
 E - 2 potions of might
 H - a potion of lignification {unknown}
Miscellaneous
 y - a lightning rod (1/4)
   (You found it on level 9 of the Dungeon)
 I - a box of beasts
Comestibles
 c - 31 rations


   Skills:
 + Level 10.5 Fighting
 + Level 8.3 Short Blades
 + Level 8.3 Long Blades
 + Level 8.3 Axes
 + Level 10.5 Maces & Flails
 + Level 8.3 Polearms
 + Level 8.3 Staves
 + Level 8.3 Slings
 + Level 8.3 Bows
 + Level 8.3 Crossbows
 + Level 8.3 Throwing
 + Level 9.5 Armour
 + Level 9.5 Dodging
 + Level 8.3 Stealth
 + Level 8.3 Shields
 + Level 8.3 Unarmed Combat
 + Level 8.3 Spellcasting
 + Level 6.9 Conjurations
 + Level 6.9 Hexes
 + Level 6.9 Charms
 + Level 6.9 Summonings
 + Level 6.9 Necromancy
 + Level 6.9 Translocations
 + Level 6.9 Transmutations
 + Level 6.9 Fire Magic
 + Level 6.9 Ice Magic
 + Level 6.9 Air Magic
 + Level 6.9 Earth Magic
 + Level 6.9 Poison Magic
 + Level 9.1 Invocations
 + Level 8.3 Evocations


You had 28 spell levels left.
You didn't know any spells.
Your spell library was empty.

Dungeon Overview and Level Annotations

Branches:
Dungeon (11/15)            Temple (0/1) D:6            Lair (6/6) D:9
  Swamp (0/4) Lair:3        Snake (0/4) Lair:4        Slime (0/5) Lair:5
    Orc (0/2) D:9

Altars:
Cheibriados
Nemelex Xobeh
Okawaru
Qazlal
Xom
Beogh

Annotations:
Lair:1 exclusion: oklob plant


Innate Abilities, Weirdness & Mutations

Your experience applies equally to all skills.
You have very sharp teeth.
Your uncanny sense of smell can sniff out nearby items.


Message History

You are poisoned.
The spiny frog poisons you!
A spiny frog comes into view.
Your unstable footing causes you to fumble your attack.
You feel sick.
The spiny frog gives a loud, deep croak!
The spiny frog stings you!
You bludgeon the spiny frog!!
You kill the spiny frog!
Trog accepts your kill.
You feel sick.
No reachable target in view!
You feel sick.
You feel sick. The spiny frog stings you!
The spiny frog stings you but does no damage.
You feel sick.
You are too injured to fight recklessly!
You are too injured to fight recklessly!
You are too injured to fight recklessly!
You closely miss the spiny frog.
You feel sick. The spiny frog closely misses you.
You hit the spiny frog.
The spiny frog is moderately wounded.
You feel sick. The spiny frog stings you.
You thump the spiny frog!
The spiny frog is severely wounded.
You feel sick. The spiny frog misses you. The spiny frog stings you!
You are more poisoned.
The spiny frog poisons you!
A hippogriff comes into view.
The hippogriff screeches!
You hit the spiny frog but do no damage.
The spiny frog is severely wounded.
You feel sick. You block the spiny frog's attack.
You hit the spiny frog but do no damage.
The spiny frog is severely wounded.
You feel sick. You block the spiny frog's attack.
You barely miss the spiny frog.
The spiny frog is severely wounded.
You feel sick. You block the spiny frog's attack.
You completely miss the spiny frog. You bite the spiny frog.
The spiny frog is severely wounded.
You feel sick. The spiny frog stings you.
You puncture the spiny frog!
You kill the spiny frog!
Trog accepts your kill.
You feel sick.
You feel sick.
You bludgeon the hippogriff!!
The hippogriff is almost dead.
You feel sick. The hippogriff barely misses you.
The hippogriff closely misses you. x2
You puncture the hippogriff!
You kill the hippogriff!
Trog accepts your kill.
You feel sick.
You feel sick.
You see here a hippogriff corpse.
You feel sick.
You feel sick.
You see here a hippogriff corpse.
You butcher the hippogriff corpse.
You feel sick.
J - a chunk of flesh {@w0} You feel sick.
Really read
e - 5 scrolls of magic mapping {!r}?
As you read the scroll of magic mapping {!r}, it crumbles to dust.
You feel aware of your surroundings.
You sensed 1 altar, and 1 shop/portal.
Eating a chunk of flesh {@w0}.
You eat the chunk of flesh {@w0}.
This raw flesh tastes great.
You feel sick.
You feel sick.
You enter the shallow water.
Moving in this stuff is going to be slow.
You feel sick.
You feel sick.
You feel sick.
A spiny frog comes into view.
The spiny frog croaks.
You hear a bleat!
You hear an angry hiss.
You feel sick.
There is a stone staircase leading up here.
The spiny frog stings you!
* * * LOW HITPOINT WARNING * * *
You climb upwards.
You feel sick.
There is a stone staircase leading down here.
You hit the spiny frog.
The spiny frog is lightly wounded.
The spiny frog stings you!
* * * LOW HITPOINT WARNING * * *
You are more poisoned.
The spiny frog poisons you!
Okay, then.
Unknown command.
You puncture the spiny frog!
The spiny frog is heavily wounded.
You feel sick. The spiny frog closely misses you.
You sock the spiny frog!
The spiny frog is almost dead.
You feel sick. The spiny frog stings you.
* * * LOW HITPOINT WARNING * * *
The spiny frog stings you!
You die...

.................................
..P..###..##...P.#P.......#.###.#
..##.# #.####...########...###.##
<.P### #####...#.#######...##.###
...#####.#..#.....#.##.....##..#P
.................................
.................................
.......#.##.....................#
.##..###...####.@F...............
.................................
.................................
.P..P.P#PP##P..#....##..P#.P.....
##.#..PP.P.....(...#...######.###
.......................# ##.#.
.......................# #P#.#
.....#.#.##..#......#.## ∆ #.##.
....#..########.>.##.## #. ##


You could see a spiny frog.

Vanquished Creatures
  4 hydras
  Harold (Lair:3)
  5 two-headed ogres
  A death knight (D:11)
  A death yak (Lair:3)
  Pikel (D:6)
  An ugly thing (D:11)
  A manticore (D:11)
  5 black mambas
  8 spiny frogs
  3 torpor snails
  3 komodo dragons
  A rime drake (Lair:5)
  3 trolls
  A polar bear (Lair:3)
  A queen bee (Lair:3)
  3 blink frogs (Lair:4)
  A hornet (D:10)
  Grinder (D:6)
  7 hippogriffs
  Sigmund (D:2)
  A wraith (D:9)
  2 wyverns
  20 yaks
  The ghost of panicbit the Covered, an amateur MiFi (D:4)
  4 hogs (D:7)
  A basilisk (Lair:3)
  2 hungry ghosts
  A human (D:7)
  Edmund (D:5)
  An acid dragon (D:9)
  A soldier ant (D:11)
  Menkaure (D:5)
  3 swamp worms (Lair:3)
  11 water moccasins
  11 porcupines
  4 orc warriors
  2 black bears
  2 phantoms
  6 ogres
  2 ice beasts
  3 centaurs
  9 wolves
  4 crocodiles
  A big kobold (D:8)
  11 bullfrogs
  7 scorpions
  14 killer bees (Lair:3)
  An electric eel (Lair:3)
  3 crimson imps
  A centaur zombie (D:11)
  6 orc priests
  A bullfrog zombie (D:7)
  8 hounds
  6 jellies
  11 orc wizards
  2 centaur skeletons
  5 bullfrog skeletons
  4 iguanas
  10 worker ants
  A killer bee zombie (D:5)
  3 hound zombies (D:5)
  A hound skeleton (D:7)
  3 worker ant zombies
  7 gnolls
  A howler monkey skeleton (D:5)
  13 adders
  3 shadow imps
  An adder zombie (D:9)
  2 adder skeletons (D:4)
  2 worms
  A dart slug (D:2)
  8 leopard geckos
  41 orcs
  12 bats
  4 giant cockroaches
  5 goblins
  5 hobgoblins
  12 jackals
  12 kobolds
  4 quokkas
  A ball python (D:5)
  6 frilled lizards
  A jackal skeleton (D:4)
  A jackal zombie (D:5)
  A leopard gecko skeleton (D:5)
  A quokka skeleton (D:7)
  A quokka zombie (D:5)
  5 rats
  A plant (Lair:4)
396 creatures vanquished.

Vanquished Creatures (others)
  4 fungi
  16 plants
20 creatures vanquished.

Grand Total: 416 creatures vanquished

Notes
Turn   | Place    | Note
-------+----------+-------------------------------------------
     0 | D:1      | Mgcat the Gnoll Berserker began the quest for the Orb.
     0 | D:1      | Reached XP level 1. HP: 23/23 MP: 1/1
   174 | D:1      | Reached XP level 2. HP: 24/29 MP: 2/2
   858 | D:2      | Noticed Sigmund
   883 | D:1      | Reached XP level 3. HP: 22/35 MP: 3/3
   979 | D:2      | Killed Sigmund
   979 | D:2      | Reached skill level 1 in Short Blades
   979 | D:2      | Reached skill level 1 in Long Blades
   979 | D:2      | Reached skill level 1 in Axes
   979 | D:2      | Reached skill level 1 in Polearms
   979 | D:2      | Reached skill level 1 in Staves
   979 | D:2      | Reached skill level 1 in Slings
   979 | D:2      | Reached skill level 1 in Bows
   979 | D:2      | Reached skill level 1 in Crossbows
   979 | D:2      | Reached skill level 1 in Throwing
   979 | D:2      | Reached skill level 1 in Stealth
   979 | D:2      | Reached skill level 1 in Shields
   979 | D:2      | Reached skill level 1 in Unarmed Combat
   979 | D:2      | Reached skill level 1 in Spellcasting
   979 | D:2      | Reached skill level 1 in Conjurations
   979 | D:2      | Reached skill level 1 in Hexes
   979 | D:2      | Reached skill level 1 in Charms
   979 | D:2      | Reached skill level 1 in Summonings
   979 | D:2      | Reached skill level 1 in Necromancy
   979 | D:2      | Reached skill level 1 in Translocations
   979 | D:2      | Reached skill level 1 in Transmutations
   979 | D:2      | Reached skill level 1 in Fire Magic
   979 | D:2      | Reached skill level 1 in Ice Magic
   979 | D:2      | Reached skill level 1 in Air Magic
   979 | D:2      | Reached skill level 1 in Earth Magic
   979 | D:2      | Reached skill level 1 in Poison Magic
   979 | D:2      | Reached skill level 1 in Invocations
   979 | D:2      | Reached skill level 1 in Evocations
   979 | D:2      | Reached XP level 4. HP: 29/41 MP: 3/6
   979 | D:2      | Reached XP level 5. HP: 33/47 MP: 3/7
  1180 | D:2      | Reached ** piety under Trog
  1622 | D:2      | Reached XP level 6. HP: 53/53 MP: 8/8
  2139 | D:3      | Reached skill level 2 in Invocations
  3032 | D:4      | Reached skill level 5 in Armour
  3032 | D:4      | Reached skill level 5 in Dodging
  3039 | D:4      | Reached skill level 2 in Short Blades
  3039 | D:4      | Reached skill level 2 in Long Blades
  3039 | D:4      | Reached skill level 2 in Axes
  3039 | D:4      | Reached skill level 2 in Polearms
  3039 | D:4      | Reached skill level 2 in Staves
  3039 | D:4      | Reached skill level 2 in Slings
  3039 | D:4      | Reached skill level 2 in Bows
  3039 | D:4      | Reached skill level 2 in Crossbows
  3039 | D:4      | Reached skill level 2 in Throwing
  3039 | D:4      | Reached skill level 2 in Stealth
  3039 | D:4      | Reached skill level 2 in Shields
  3039 | D:4      | Reached skill level 2 in Unarmed Combat
  3039 | D:4      | Reached skill level 2 in Spellcasting
  3039 | D:4      | Reached skill level 2 in Evocations
  3168 | D:4      | Reached XP level 7. HP: 49/59 MP: 10/10
  3177 | D:4      | Reached *** piety under Trog
  3177 | D:4      | Reached skill level 7 in Fighting
  3177 | D:4      | Reached skill level 7 in Maces & Flails
  3338 | D:4      | Noticed panicbit's ghost (amateur MiFi)
  3349 | D:4      | Killed panicbit's ghost
  3349 | D:4      | Reached skill level 2 in Conjurations
  3349 | D:4      | Reached skill level 2 in Hexes
  3349 | D:4      | Reached skill level 2 in Charms
  3349 | D:4      | Reached skill level 2 in Summonings
  3349 | D:4      | Reached skill level 2 in Necromancy
  3349 | D:4      | Reached skill level 2 in Translocations
  3349 | D:4      | Reached skill level 2 in Transmutations
  3349 | D:4      | Reached skill level 2 in Fire Magic
  3349 | D:4      | Reached skill level 2 in Ice Magic
  3349 | D:4      | Reached skill level 2 in Air Magic
  3349 | D:4      | Reached skill level 2 in Earth Magic
  3349 | D:4      | Reached skill level 2 in Poison Magic
  3569 | D:3      | Reached skill level 3 in Invocations
  3945 | D:5      | Entered Level 5 of the Dungeon
  4004 | D:5      | Reached XP level 8. HP: 67/67 MP: 12/12
  4081 | D:5      | Found an iron altar of Okawaru.
  4081 | D:5      | Noticed Edmund
  4082 | D:5      | Found a stormy altar of Qazlal.
  4096 | D:5      | Killed Edmund
  4096 | D:5      | Reached skill level 3 in Short Blades
  4096 | D:5      | Reached skill level 3 in Long Blades
  4096 | D:5      | Reached skill level 3 in Axes
  4096 | D:5      | Reached skill level 3 in Polearms
  4096 | D:5      | Reached skill level 3 in Staves
  4096 | D:5      | Reached skill level 3 in Slings
  4096 | D:5      | Reached skill level 3 in Bows
  4096 | D:5      | Reached skill level 3 in Crossbows
  4096 | D:5      | Reached skill level 3 in Throwing
  4096 | D:5      | Reached skill level 3 in Stealth
  4096 | D:5      | Reached skill level 3 in Shields
  4096 | D:5      | Reached skill level 3 in Unarmed Combat
  4096 | D:5      | Reached skill level 3 in Spellcasting
  4096 | D:5      | Reached skill level 3 in Evocations
  4112 | D:5      | Noticed Menkaure
  4127 | D:5      | HP: 11/67 [??? (9)]
  4396 | D:5      | Killed Menkaure
  4482 | D:5      | Found a sparkling altar of Nemelex Xobeh.
  4493 | D:5      | Found a shimmering altar of Xom.
  4866 | D:6      | Noticed Grinder
  4875 | D:6      | Paralysed by Grinder for 2 turns
  4883 | D:6      | Killed Grinder
  5000 | D:6      | Found a staircase to the Ecumenical Temple.
  5023 | D:6      | Reached skill level 3 in Conjurations
  5023 | D:6      | Reached skill level 3 in Hexes
  5023 | D:6      | Reached skill level 3 in Charms
  5023 | D:6      | Reached skill level 3 in Summonings
  5023 | D:6      | Reached skill level 3 in Necromancy
  5023 | D:6      | Reached skill level 3 in Translocations
  5023 | D:6      | Reached skill level 3 in Transmutations
  5023 | D:6      | Reached skill level 3 in Fire Magic
  5023 | D:6      | Reached skill level 3 in Ice Magic
  5023 | D:6      | Reached skill level 3 in Air Magic
  5023 | D:6      | Reached skill level 3 in Earth Magic
  5023 | D:6      | Reached skill level 3 in Poison Magic
  5023 | D:6      | Reached skill level 4 in Invocations
  5033 | D:6      | Reached skill level 6 in Armour
  5033 | D:6      | Reached skill level 6 in Dodging
  5033 | D:6      | Reached XP level 9. HP: 60/72 MP: 14/14
  5115 | D:6      | Reached **** piety under Trog
  5255 | D:6      | Reached skill level 4 in Short Blades
  5255 | D:6      | Reached skill level 4 in Long Blades
  5255 | D:6      | Reached skill level 4 in Axes
  5255 | D:6      | Reached skill level 4 in Polearms
  5255 | D:6      | Reached skill level 4 in Staves
  5255 | D:6      | Reached skill level 4 in Slings
  5255 | D:6      | Reached skill level 4 in Bows
  5255 | D:6      | Reached skill level 4 in Crossbows
  5255 | D:6      | Reached skill level 4 in Throwing
  5255 | D:6      | Reached skill level 4 in Stealth
  5255 | D:6      | Reached skill level 4 in Shields
  5255 | D:6      | Reached skill level 4 in Unarmed Combat
  5255 | D:6      | Reached skill level 4 in Spellcasting
  5255 | D:6      | Reached skill level 4 in Evocations
  5277 | D:6      | HP: 18/73 [orc priest/divine providence (14)]
  5641 | D:6      | Noticed Pikel
  5658 | D:6      | Killed Pikel
  5658 | D:6      | Reached skill level 8 in Fighting
  5658 | D:6      | Reached skill level 8 in Maces & Flails
  5880 | D:7      | Reached skill level 5 in Invocations
  6053 | D:7      | Reached XP level 10. HP: 76/80 MP: 17/17
  6174 | D:7      | Reached skill level 4 in Conjurations
  6174 | D:7      | Reached skill level 4 in Hexes
  6174 | D:7      | Reached skill level 4 in Charms
  6174 | D:7      | Reached skill level 4 in Summonings
  6174 | D:7      | Reached skill level 4 in Necromancy
  6174 | D:7      | Reached skill level 4 in Translocations
  6174 | D:7      | Reached skill level 4 in Transmutations
  6174 | D:7      | Reached skill level 4 in Fire Magic
  6174 | D:7      | Reached skill level 4 in Ice Magic
  6174 | D:7      | Reached skill level 4 in Air Magic
  6174 | D:7      | Reached skill level 4 in Earth Magic
  6174 | D:7      | Reached skill level 4 in Poison Magic
  6198 | D:7      | Reached skill level 5 in Short Blades
  6198 | D:7      | Reached skill level 5 in Long Blades
  6198 | D:7      | Reached skill level 5 in Axes
  6198 | D:7      | Reached skill level 5 in Polearms
  6198 | D:7      | Reached skill level 5 in Staves
  6198 | D:7      | Reached skill level 5 in Slings
  6198 | D:7      | Reached skill level 5 in Bows
  6198 | D:7      | Reached skill level 5 in Crossbows
  6198 | D:7      | Reached skill level 5 in Throwing
  6198 | D:7      | Reached skill level 5 in Stealth
  6198 | D:7      | Reached skill level 5 in Shields
  6198 | D:7      | Reached skill level 5 in Unarmed Combat
  6198 | D:7      | Reached skill level 5 in Spellcasting
  6198 | D:7      | Reached skill level 5 in Evocations
  6517 | D:8      | Reached ***** piety under Trog
  6756 | D:8      | Reached skill level 7 in Armour
  6756 | D:8      | Reached skill level 7 in Dodging
  7268 | D:9      | Received a gift from Trog
  7515 | D:9      | Found a staircase to the Orcish Mines.
  7530 | D:9      | Noticed a two-headed ogre
  7542 | D:9      | Killed a two-headed ogre
  7542 | D:9      | Reached skill level 6 in Invocations
  7648 | D:9      | Found a roughly hewn altar of Beogh.
  7677 | D:9      | HP: 13/82 [orc warrior/halberd (10)]
  7961 | D:9      | Noticed a two-headed ogre
  7975 | D:9      | Killed a two-headed ogre
  7975 | D:9      | Reached XP level 11. HP: 86/87 MP: 19/19
  7981 | D:9      | Found a staircase to the Lair.
  8254 | D:10     | Entered Level 10 of the Dungeon
  8443 | D:10     | Noticed a two-headed ogre
  8449 | D:10     | Killed a two-headed ogre
  8449 | D:10     | Reached skill level 9 in Fighting
  8449 | D:10     | Reached skill level 6 in Short Blades
  8449 | D:10     | Reached skill level 6 in Long Blades
  8449 | D:10     | Reached skill level 6 in Axes
  8449 | D:10     | Reached skill level 9 in Maces & Flails
  8449 | D:10     | Reached skill level 6 in Polearms
  8449 | D:10     | Reached skill level 6 in Staves
  8449 | D:10     | Reached skill level 6 in Slings
  8449 | D:10     | Reached skill level 6 in Bows
  8449 | D:10     | Reached skill level 6 in Crossbows
  8449 | D:10     | Reached skill level 6 in Throwing
  8449 | D:10     | Reached skill level 6 in Stealth
  8449 | D:10     | Reached skill level 6 in Shields
  8449 | D:10     | Reached skill level 6 in Unarmed Combat
  8449 | D:10     | Reached skill level 6 in Spellcasting
  8449 | D:10     | Reached skill level 5 in Conjurations
  8449 | D:10     | Reached skill level 5 in Hexes
  8449 | D:10     | Reached skill level 5 in Charms
  8449 | D:10     | Reached skill level 5 in Summonings
  8449 | D:10     | Reached skill level 5 in Necromancy
  8449 | D:10     | Reached skill level 5 in Translocations
  8449 | D:10     | Reached skill level 5 in Transmutations
  8449 | D:10     | Reached skill level 5 in Fire Magic
  8449 | D:10     | Reached skill level 5 in Ice Magic
  8449 | D:10     | Reached skill level 5 in Air Magic
  8449 | D:10     | Reached skill level 5 in Earth Magic
  8449 | D:10     | Reached skill level 5 in Poison Magic
  8449 | D:10     | Reached skill level 6 in Evocations
  8545 | D:10     | Noticed a two-headed ogre
  8561 | D:10     | Killed a two-headed ogre
  8827 | D:10     | HP: 11/89 [troll (12)]
  9327 | D:11     | Noticed a red ugly thing
  9359 | D:11     | Killed a red ugly thing
  9359 | D:11     | Reached skill level 7 in Invocations
  9617 | D:11     | Noticed a two-headed ogre
  9641 | D:11     | Received a gift from Trog
  9641 | D:11     | Reached skill level 8 in Armour
  9641 | D:11     | Reached skill level 8 in Dodging
  9657 | D:11     | Killed a two-headed ogre
  9755 | D:11     | Noticed a manticore
  9764 | D:11     | Killed a manticore
 10188 | D:11     | Noticed a death knight
 10205 | D:11     | HP: 22/89 [mirror damage (2)]
 10206 | D:11     | Killed a death knight
 10555 | D:11     | Reached XP level 12. HP: 92/96 MP: 22/22
 10752 | Lair:1   | Entered Level 1 of the Lair of Beasts
 11264 | Lair:1   | Found a snail-covered altar of Cheibriados.
 11901 | Lair:2   | Reached skill level 7 in Short Blades
 11901 | Lair:2   | Reached skill level 7 in Long Blades
 11901 | Lair:2   | Reached skill level 7 in Axes
 11901 | Lair:2   | Reached skill level 7 in Polearms
 11901 | Lair:2   | Reached skill level 7 in Staves
 11901 | Lair:2   | Reached skill level 7 in Slings
 11901 | Lair:2   | Reached skill level 7 in Bows
 11901 | Lair:2   | Reached skill level 7 in Crossbows
 11901 | Lair:2   | Reached skill level 7 in Throwing
 11901 | Lair:2   | Reached skill level 7 in Stealth
 11901 | Lair:2   | Reached skill level 7 in Shields
 11901 | Lair:2   | Reached skill level 7 in Unarmed Combat
 11901 | Lair:2   | Reached skill level 7 in Spellcasting
 11901 | Lair:2   | Reached skill level 7 in Evocations
 12075 | Lair:2   | Received a gift from Trog
 12246 | Lair:2   | Reached skill level 6 in Conjurations
 12246 | Lair:2   | Reached skill level 6 in Hexes
 12246 | Lair:2   | Reached skill level 6 in Charms
 12246 | Lair:2   | Reached skill level 6 in Summonings
 12246 | Lair:2   | Reached skill level 6 in Necromancy
 12246 | Lair:2   | Reached skill level 6 in Translocations
 12246 | Lair:2   | Reached skill level 6 in Transmutations
 12246 | Lair:2   | Reached skill level 6 in Fire Magic
 12246 | Lair:2   | Reached skill level 6 in Ice Magic
 12246 | Lair:2   | Reached skill level 6 in Air Magic
 12246 | Lair:2   | Reached skill level 6 in Earth Magic
 12246 | Lair:2   | Reached skill level 6 in Poison Magic
 12299 | Lair:2   | HP: 8/97 [komodo dragon (21)]
 12320 | Lair:2   | HP: 18/97 [spiny frog (7)]
 12619 | Lair:2   | Reached skill level 8 in Invocations
 13085 | Lair:2   | Found an iron altar of Okawaru.
 13635 | Lair:3   | Noticed a six-headed hydra
 13654 | Lair:3   | Killed a six-headed hydra
 13654 | Lair:3   | Reached skill level 10 in Fighting
 13654 | Lair:3   | Reached skill level 10 in Maces & Flails
 13686 | Lair:3   | Noticed a five-headed hydra
 13697 | Lair:3   | Killed a five-headed hydra
 13880 | Lair:3   | Noticed a five-headed hydra
 13895 | Lair:3   | Killed a five-headed hydra
 13895 | Lair:3   | Reached skill level 9 in Armour
 13895 | Lair:3   | Reached skill level 9 in Dodging
 13951 | Lair:3   | HP: 17/97 [polar bear (15)]
 13952 | Lair:3   | Reached XP level 13. HP: 18/103 MP: 24/24
 14347 | Lair:3   | Noticed Harold
 14617 | Lair:3   | Killed Harold
 14981 | Lair:3   | HP: 25/103 [killer bee (5)]
 14986 | Lair:3   | HP: 25/154 [killer bee (2)]
 14991 | Lair:3   | HP: 22/154 [poisoned by a killer bee]
 14996 | Lair:3   | HP: 20/154 [poisoned by a killer bee]
 15001 | Lair:3   | HP: 10/103 [poisoned by a killer bee]
 15006 | Lair:3   | HP: 7/103 [poisoned by a killer bee]
 15011 | Lair:3   | HP: 6/103 [poisoned by a killer bee]
 15018 | Lair:3   | HP: 5/103 [poisoned by a killer bee]
 15287 | Lair:3   | Received a gift from Trog
 15290 | Lair:3   | Got a transparent morningstar {god gift}
 15298 | Lair:3   | Identified the +7 morningstar "Banisher" {crush, rF++ Int+3} (Trog gifted it to you on level 3 of the Lair of Beasts)
 15562 | Lair:3   | Found a staircase to the Swamp.
 15658 | Lair:4   | Reached skill level 8 in Short Blades
 15658 | Lair:4   | Reached skill level 8 in Long Blades
 15658 | Lair:4   | Reached skill level 8 in Axes
 15658 | Lair:4   | Reached skill level 8 in Polearms
 15658 | Lair:4   | Reached skill level 8 in Staves
 15658 | Lair:4   | Reached skill level 8 in Slings
 15658 | Lair:4   | Reached skill level 8 in Bows
 15658 | Lair:4   | Reached skill level 8 in Crossbows
 15658 | Lair:4   | Reached skill level 8 in Throwing
 15658 | Lair:4   | Reached skill level 8 in Stealth
 15658 | Lair:4   | Reached skill level 8 in Shields
 15658 | Lair:4   | Reached skill level 8 in Unarmed Combat
 15658 | Lair:4   | Reached skill level 8 in Spellcasting
 15658 | Lair:4   | Reached skill level 8 in Evocations
 16155 | Lair:4   | Found a staircase to the Snake Pit.
 16861 | Lair:5   | Reached skill level 9 in Invocations
 16955 | Lair:5   | Found a runed door.
 17201 | Lair:5   | Found a staircase to the Slime Pits.
 17475 | Lair:5   | HP: 25/104 [six-headed hydra (3)]
 17746 | Lair:6   | Entered Level 6 of the Lair of Beasts
 17785 | Lair:5   | HP: 20/104 [spiny frog (7)]
 17787 | Lair:5   | Slain by a spiny frog

Vault maps used:
D:1:      dpeg_arrival_chambers_temple_mockup, serial_forest,
          infiniplex_forest_straight_1, infiniplex_forest_split,
          infiniplex_forest_clump_curved, infiniplex_forest_side_room,
          infiniplex_forest_fountain
D:2:      uniq_sigmund
D:3:      first_ration
D:5:      gammafunk_temple_overflow_statue, minitemple, serial_undead,
          serial_undead_f, serial_undead_f, serial_undead_b, serial_undead_b,
          serial_undead_e, serial_undead_a, serial_undead_d,
          due_unseen_surprise, uniq_edmund, uniq_menkaure
D:6:      minmay_temple_entry_enclosed_plants, uniq_grinder, uniq_pikel
D:7:      grunt_livestock, fountainhead
D:9:      lair_entry_dummy, minmay_orc_entry_temple_small, kennysheep_nub
D:11:     stair_cage_line, minivault_27, hangedman_decor_points
Lair:1:   minmay_lair_oklob_tunnel, kennysheep_snail_temple
Lair:2:   basic_altar, grunt_megastairs_2
Lair:3:   nicolae_swamp_entry_splash_gauntlet, special_room,
          lemuel_fruit_fields, uniq_harold
Lair:4:   dummy_snake_entry, hibernation_bobbens
Lair:5:   wad_woods_04, dpeg_slime_entry_corner, pf_torpor_hydra
Lair:6:   minmay_lair_end_enchanted_forest, lab_entry_generic, basic_altar,
          st_stairs_7, lemuel_fruit_tree, infiniplex_staircase_pool_2,
          grunt_megastairs_3

Skill      XL: |  1  2  3  4  5  6  7  8  9 10 11 12 13 |
---------------+----------------------------------------+-----
Short Blades   | 1 2 3 4 5 6 7 8 |  8.3
Long Blades    | 1 2 3 4 5 6 7 8 |  8.3
Axes           | 1 2 3 4 5 6 7 8 |  8.3
Polearms       | 1 2 3 4 5 6 7 8 |  8.3
Staves         | 1 2 3 4 5 6 7 8 |  8.3
Slings         | 1 2 3 4 5 6 7 8 |  8.3
Bows           | 1 2 3 4 5 6 7 8 |  8.3
Crossbows      | 1 2 3 4 5 6 7 8 |  8.3
Throwing       | 1 2 3 4 5 6 7 8 |  8.3
Stealth        | 1 2 3 4 5 6 7 8 |  8.3
Shields        | 1 2 3 4 5 6 7 8 |  8.3
Unarmed Combat | 1 2 3 4 5 6 7 8 |  8.3
Spellcasting   | 1 2 3 4 5 6 7 8 |  8.3
Conjurations   | 1 2 3 4 5 6 |  6.9
Hexes          | 1 2 3 4 5 6 |  6.9
Charms         | 1 2 3 4 5 6 |  6.9
Summonings     | 1 2 3 4 5 6 |  6.9
Necromancy     | 1 2 3 4 5 6 |  6.9
Translocations | 1 2 3 4 5 6 |  6.9
Transmutations | 1 2 3 4 5 6 |  6.9
Fire Magic     | 1 2 3 4 5 6 |  6.9
Ice Magic      | 1 2 3 4 5 6 |  6.9
Air Magic      | 1 2 3 4 5 6 |  6.9
Earth Magic    | 1 2 3 4 5 6 |  6.9
Poison Magic   | 1 2 3 4 5 6 |  6.9
Invocations    | 1 2 3 4 5 6 7 8 9 |  9.1
Evocations     | 1 2 3 4 5 6 7 8 |  8.3
Armour         | 5 6 7 8 9 |  9.5
Dodging        | 5 6 7 8 9 |  9.5
Fighting       | 7 8 9 10 | 10.5
Maces & Flails | 7 8 9 10 | 10.5

Action                   |  1- 3 |  4- 6 |  7- 9 | 10-12 | 13-15 || total
-------------------------+-------+-------+-------+-------+-------++-------
Melee: Mace              |    70 |   137 |       |       |       ||   207
       Bite              |     5 |    13 |    53 |   212 |    53 ||   336
       Whip              |       |    38 |   365 |  1091 |   145 ||  1639
       Punch             |       |       |     2 |       |       ||     2
       Flail             |       |       |       |    19 |       ||    19
       Morningstar       |       |       |       |       |   181 ||   181
Throw: Tomahawk          |       |       |       |     2 |     3 ||     5
Invok: Berserk           |     1 |       |     3 |     1 |     1 ||     6
       Trog's Hand       |       |       |     1 |       |     1 ||     2
Evoke: Wand              |       |       |       |    23 |     3 ||    26
       Lightning rod     |       |       |       |     8 |     1 ||     9
  Use: Scroll            |       |     8 |     8 |     7 |     3 ||    26
       Potion            |       |       |       |    10 |       ||    10
 Stab: Paralysed         |       |       |       |    20 |       ||    20
  Eat: Chunk             |       |     8 |    13 |    20 |    25 ||    66
       Ration            |       |       |       |     6 |       ||     6
Armor: Animal skin       |     1 |       |       |       |       ||     1
       Plate armour      |    29 |   124 |   146 |   371 |   147 ||   817
Dodge: Dodged            |    40 |    64 |   116 |   336 |   209 ||   765
       Deflected         |       |       |       |       |     1 ||     1
Block: Buckler           |       |       |    17 |   224 |   122 ||   363

Table legend:
 A = Spawn XP
 B = Non-spawn XP
 C = Spawn XP percentage of total XP
 D = Spawn monster count
 E = Non-spawn monster count
 F = Spawn count percentage of total count
 G = Total turns spent on level
                    A         B        C        D         E        F      G
               +---------+---------+-------+---------+---------+-------+---------
         Total |       0 |   46471 |   0.0 |       0 |     395 |   0.0 | 17787
               +---------+---------+-------+---------+---------+-------+---------
           D:1 |       0 |      42 |   0.0 |       0 |      16 |   0.0 |   983
           D:2 |       0 |     287 |   0.0 |       0 |      33 |   0.0 |   940
           D:3 |       0 |     195 |   0.0 |       0 |      11 |   0.0 |  1114
           D:4 |       0 |     617 |   0.0 |       0 |      17 |   0.0 |  1169
           D:5 |       0 |     622 |   0.0 |       0 |      23 |   0.0 |   651
           D:6 |       0 |    2188 |   0.0 |       0 |      25 |   0.0 |   941
           D:7 |       0 |    1968 |   0.0 |       0 |      26 |   0.0 |   674
           D:8 |       0 |     472 |   0.0 |       0 |      16 |   0.0 |   450
           D:9 |       0 |    4009 |   0.0 |       0 |      51 |   0.0 |  1451
          D:10 |       0 |    3903 |   0.0 |       0 |      26 |   0.0 |   925
          D:11 |       0 |    4143 |   0.0 |       0 |      33 |   0.0 |  1454
        Lair:1 |       0 |    2856 |   0.0 |       0 |      14 |   0.0 |  1450
        Lair:2 |       0 |    6477 |   0.0 |       0 |      29 |   0.0 |  1584
        Lair:3 |       0 |    9212 |   0.0 |       0 |      37 |   0.0 |  1865
        Lair:4 |       0 |    3521 |   0.0 |       0 |      16 |   0.0 |   904
        Lair:5 |       0 |    4868 |   0.0 |       0 |      19 |   0.0 |  1194
        Lair:6 |       0 |    1091 |   0.0 |       0 |       3 |   0.0 |    38
               +---------+---------+-------+---------+---------+-------+---------

Vault maps used:
D:1:      dpeg_arrival_chambers_temple_mockup, serial_forest,
          infiniplex_forest_straight_1, infiniplex_forest_split,
          infiniplex_forest_clump_curved, infiniplex_forest_side_room,
          infiniplex_forest_fountain
D:2:      uniq_sigmund
D:3:      first_ration
D:5:      gammafunk_temple_overflow_statue, minitemple, serial_undead,
          serial_undead_f, serial_undead_f, serial_undead_b, serial_undead_b,
          serial_undead_e, serial_undead_a, serial_undead_d,
          due_unseen_surprise, uniq_edmund, uniq_menkaure
D:6:      minmay_temple_entry_enclosed_plants, uniq_grinder, uniq_pikel
D:7:      grunt_livestock, fountainhead
D:9:      lair_entry_dummy, minmay_orc_entry_temple_small, kennysheep_nub
D:11:     stair_cage_line, minivault_27, hangedman_decor_points
Lair:1:   minmay_lair_oklob_tunnel, kennysheep_snail_temple
Lair:2:   basic_altar, grunt_megastairs_2
Lair:3:   nicolae_swamp_entry_splash_gauntlet, special_room,
          lemuel_fruit_fields, uniq_harold
Lair:4:   dummy_snake_entry, hibernation_bobbens
Lair:5:   wad_woods_04, dpeg_slime_entry_corner, pf_torpor_hydra
Lair:6:   minmay_lair_end_enchanted_forest, lab_entry_generic, basic_altar,
          st_stairs_7, lemuel_fruit_tree, infiniplex_staircase_pool_2,
          grunt_megastairs_3

Table legend:
 A = Turns spent in this place as a percentage of turns spent in the entire game.
 B = Non-inter-level travel turns spent in this place as a percentage of non-inter-level travel turns spent in the entire game.
 C = Inter-level travel turns spent in this place as a percentage of turns spent in this place.
 D = Turns resting spent in this place as a percentage of non-inter-level travel turns spent in this place.
 E = Turns spent auto-exploring this place as a percentage of non-inter-level travel turns spent in this place.
 F = Non-inter-level travel turns spent in this place divided by the number of levels of this place that you've seen.
                   A       B       C       D       E      F
               +-------+-------+-------+-------+-------+----------------------
         Total | 100.0 | 100.0 |   3.5 |   2.7 |  75.9 | 1009.8
       Dungeon |  60.4 |  60.3 |   3.8 |   2.6 |  74.4 | 940.5
          Lair |  39.6 |  39.7 |   3.0 |   2.8 |  78.2 | 1137.0
               +-------+-------+-------+-------+-------+----------------------

Table legend:
 A = Kills in this place as a percentage of kills in entire the game.
 B = Kills by you in this place as a percentage of kills by you in the entire game.
 C = Kills by friends in this place as a percentage of kills by friends in the entire game.
 D = Other kills in this place as a percentage of other kills in the entire game.
 E = Experience gained in this place as a percentage of experience gained in the entire game.
 F = Experience gained in this place divided by the number of levels of this place that you have seen.
                   A       B       C       D       E      F
               +-------+-------+-------+-------+-------+----------------------
         Total | 100.0 | 100.0 |   N/A |   N/A | 100.0 | 2733.6
       Dungeon |  70.1 |  70.1 |   N/A |   N/A |  39.7 | 1676.9
          Lair |  29.9 |  29.9 |   N/A |   N/A |  60.3 | 4670.8
               +-------+-------+-------+-------+-------+----------------------
